 Dungeon Crawl Stone Soup version 0.30-a0-149-g7f746667c4 (webtiles) character file.

Game seed: 6278756518054730929

1207 porpoise the Slicer (level 8, -2/52 HPs)
             Began as a Kobold Brigand on Sept 27, 2022.
             Slain by a gnoll
             ... wielding a +1 whip of electrocution
             ... led by a gnoll bouda
              (17 damage)
             ... on level 6 of the Dungeon.
             The game lasted 00:22:43 (5577 turns).

porpoise the Slicer (Kobold Brigand)                Turns: 5577, Time: 00:22:44

Health: -2/52      AC:  9    Str: 11    XL:     8   Next: 73%
Magic:  8/8        EV: 12    Int: 12    God:
Gold:   246        SH:  0    Dex: 16    Spells: 7/7 levels left

rFire   . . .      SeeInvis .    b - +1 dagger (drain)
rCold   . . .      Faith    .    (no shield)
rNeg    . . .      Spirit   .    C - +0 ring mail
rPois   .          Reflect  .    v - +0 helmet
rElec   .          Harm     .    c - +0 cloak
rCorr   .          Rampage  .    d - +0 pair of gloves {hurl}
Will    .....                    q - +0 pair of boots
Stlth   ++++......               (no amulet)
HPRegen 0.17/turn                (no ring)
MPRegen 0.11/turn                (no ring)

@: no status effects
A: small, no large weapons, nightstalker 3
a: no special abilities


You were on level 6 of the Dungeon.
You visited 1 branch of the dungeon, and saw 6 of its levels.

You collected 268 gold pieces.
You spent 22 gold pieces at shops.

Inventory:

Hand Weapons
 a - the +2 quick blade "Kobold's Peril" {vorpal, rCorr Dex+3 Stlth+}
   (You acquired it on level 3 of the Dungeon)

   It inflicts extra damage upon your enemies.
   Dex:       It affects your dexterity (+3).
   rCorr:     It protects you from acid and corrosion.
   Stlth:     It makes you more stealthy.
 b - a +1 dagger of draining (weapon)
 w - a +0 sling
 z - a +2 dagger
Missiles
 e - 3 curare-tipped darts
 k - 15 poisoned darts (quivered)
 o - a throwing net
 u - 5 boomerangs
Armour
 c - a +0 cloak (worn)
 d - a +0 pair of gloves of hurling (worn)
 q - a +0 pair of boots (worn)
 v - a +0 helmet (worn)
 C - a +0 ring mail (worn)
Magical Staves
 r - a staff of poison
Jewellery
 t - an amulet of faith
Wands
 x - a wand of flame (24)
 E - a wand of iceblast (9)
Scrolls
 f - 2 scrolls of amnesia
 g - 2 scrolls of immolation
 h - 4 scrolls of teleportation
 i - a scroll of vulnerability
 m - a scroll of summoning
 n - a scroll of fear
 p - 2 scrolls of noise {unknown}
 s - 2 scrolls of magic mapping {unknown}
 y - a scroll of enchant weapon {unknown}
 D - a scroll of enchant armour {unknown}
 F - a scroll of fog {unknown}
Potions
 j - 2 potions of haste
 l - 2 potions of curing
 A - a potion of lignification
 B - 2 potions of berserk rage
 G - a potion of brilliance {unknown}


   Skills:
 + Level 6.4 Fighting
 - Level 10.0 Short Blades
 - Level 2.1 Throwing
 + Level 1.6 Dodging
 - Level 7.0 Stealth
 + Level 0.9 Evocations


You had 7 spell levels left.
You didn't know any spells.
Your spell library contained the following spells:

 Spells                   Type           Power      Damage    Failure   Level
 Cigotuvi's Dreadful Rot  Necr/Pois/Air  0%         N/A       77%         2
 Poisonous Vapours        Pois/Air       0%         N/A       77%         2
 Dispel Undead            Necr           0%         3d6       100%        4
 Death Channel            Necr           0%         N/A       100%        6


Dungeon Overview and Level Annotations

Branches:
Dungeon (6/15)
 Temple: D:4-7

Altars:

Shops:
D:3 ?   D:4 :*


Innate Abilities, Weirdness & Mutations

You are small and have problems with some larger weapons.
You are completely attuned to the shadows.


Message History

You hit the gnoll.
The gnoll is moderately wounded.
You closely miss the gnoll.
The gnoll is moderately wounded.
You closely miss the gnoll.
The gnoll is moderately wounded.
The gnoll barely misses you.
You hit the gnoll but do no damage.
The gnoll is moderately wounded.
You hit the gnoll.
The gnoll is heavily wounded.
You hit the gnoll.
The gnoll is severely wounded.
The gnoll hits you with a +0 flail!
You barely miss the gnoll.
The gnoll is severely wounded.
The gnoll bouda hits you with a +0 whip.
You barely miss the gnoll. Your punch misses the gnoll.
The gnoll is severely wounded.
You hit the gnoll but do no damage.
The gnoll is severely wounded.
You sense an unholy aura.
b - a +1 dagger of draining (weapon)
The gnoll hits you with a +0 flail!
The gnoll bouda hits you with a +0 whip.
You are too injured to fight recklessly!
You are too injured to fight recklessly!
You hit the gnoll. You drain the gnoll.
You kill the gnoll!
You hit the gnoll bouda. You drain the gnoll bouda.
The gnoll bouda is heavily wounded.
The gnoll hits you with a +1 whip of electrocution.
* * * LOW HITPOINT WARNING * * *
The gnoll bouda misses you.
You hit the gnoll bouda but do no damage.
The gnoll bouda is heavily wounded.
You barely miss the gnoll bouda.
The gnoll bouda is heavily wounded.
The gnoll hits you but does no damage.
You are electrocuted!
You die...

##>..........o........
#..................#..
.####.....#...........##..
..........##..............
.>.............##.........
.).............#........)[
.............g...........[
.........)g.........##....
.......##@g.#.##....###...
........)..##..#..#...#...
##........##.....####.....
..###...####.#### #.##..
..........## #.[...
...........######....g
#......##...#.#.##.)..
..#....#...##....
..............#.


You could see a gnoll bouda (very drained) and 2 gnolls.

Vanquished Creatures
  A sky beast (D:6)
  A black bear (D:2)
  2 phantoms (D:4)
  A centaur (D:5)
  A kobold brigand (D:5)
  A bullfrog (D:6)
  A scorpion (D:4)
  A howler monkey (D:4)
  3 hounds
  A jelly (D:6)
  2 gnoll boudas (D:6)
  An iguana (D:5)
  2 adders
  26 gnolls
  3 ufetubi
  3 dart slugs
  5 orcs
  3 endoplasms
  2 giant cockroaches
  9 goblins
  4 hobgoblins
  3 jackals (D:2)
  A quokka (D:1)
  6 ball pythons
  11 bats
  5 frilled lizards
  8 kobolds
  4 rats
111 creatures vanquished.

Notes
Turn   | Place    | Note
-------+----------+-------------------------------------------
     0 | D:1      | porpoise the Kobold Brigand began the quest for the Orb.
     0 | D:1      | Reached XP level 1. HP: 12/12 MP: 1/1
   109 | D:1      | Reached skill level 3 in Short Blades
   127 | D:1      | Reached XP level 2. HP: 18/18 MP: 2/2
   391 | D:1      | Reached XP level 3. HP: 22/22 MP: 3/3
   648 | D:2      | Reached skill level 4 in Short Blades
   858 | D:2      | Found a faded altar of an unknown god.
   955 | D:2      | Noticed a black bear
   988 | D:2      | Killed a black bear
   989 | D:2      | Reached skill level 5 in Short Blades
   989 | D:2      | Reached XP level 4. HP: 18/28 MP: 4/4
   989 | D:2      | Reached XP level 5. HP: 20/32 MP: 5/5
  1318 | D:3      | Identified 2 scrolls of acquirement
  1318 | D:3      | Acquired a +0 pair of gloves of hurling
  1325 | D:3      | Acquired the +2 quick blade "Kobold's Peril" {vorpal, rCorr
                  | Dex+3 Stlth+}
  2129 | D:3      | Found Xyidod's Magic Scroll Emporium.
  2163 | D:3      | Reached XP level 6. HP: 37/37 MP: 6/6
  2337 | D:4      | Found Disugruol's Book Boutique.
  2438 | D:4      | Reached skill level 6 in Short Blades
  2567 | D:4      | Found Doalathrahau's Assorted Antiques.
  2572 | D:4      | Bought a scroll labelled OPLIEZUKIO for 22 gold pieces
  2772 | D:4      | Reached skill level 7 in Short Blades
  2772 | D:4      | Reached XP level 7. HP: 22/44 MP: 7/7
  3316 | D:5      | Entered Level 5 of the Dungeon
  3412 | D:5      | Reached skill level 8 in Short Blades
  3619 | D:5      | Reached skill level 5 in Fighting
  3863 | D:5      | Reached XP level 8. HP: 44/49 MP: 8/8
  4628 | D:6      | Reached skill level 9 in Short Blades
  5522 | D:6      | Reached skill level 10 in Short Blades
  5577 | D:6      | Slain by a gnoll

Illustrated notes

Levels and vault maps discovered:
D:1:      dpeg_arrival_long_road, layout_rooms
D:2:      layout_rooms, chequers_ecumenical_altar_simple
D:3:      layout_basic, serial_shops, nicolae_shop_trees
D:4:      layout_cave_pools, serial_shops, shop, shop
D:5:      layout_loops_ring
D:6:      layout_cave_pools, kennysheep_generic_room_12

Skill      XL: |  1  2  3  4  5  6  7  8 |
---------------+-------------------------+-----
Short Blades   | 3 5 7 8 10 | 10.0
Fighting       | 3 4 5 6 |  6.4
Stealth        | 6 7 |  7.0
Throwing       | |  2.1
Dodging        | |  1.6
Evocations     | |  0.9

Action                   |  1- 3 |  4- 6 |  7- 9 || total
-------------------------+-------+-------+-------++-------
Melee: Dagger            |    61 |    37 |   120 ||   218
       Punch             |     1 |     2 |     4 ||     7
       Quick blade       |       |    74 |   177 ||   251
Throw: Dart              |     7 |     1 |     3 ||    11
  Use: Scroll            |     5 |     5 |     2 ||    12
       Potion            |       |     2 |       ||     2
 Stab: Sleeping          |    16 |    13 |     7 ||    36
       Distracted        |       |     2 |     2 ||     4
Armor: Robe              |    15 |     9 |       ||    24
       Ring mail         |       |     6 |    82 ||    88
Dodge: Dodged            |    40 |    54 |   112 ||   206

Table legend: (Time is in decaauts)
 A = Elapsed time spent in this place.
 B = Non-inter-level travel time spent in this place.
 C = Inter-level travel time spent in this place.
 D = Time resting spent in this place.
 E = Time spent auto-exploring this place.
 F = Levels seen in this place.
 G = Mean time per level.
                   A        B        C        D        E       F      G
               +--------+--------+--------+--------+--------+-----+--------+
         Total |   5318 |   5190 |    128 |   1419 |   2744 |   6 |  886.3 |
       Dungeon |   5318 |   5190 |    128 |   1419 |   2744 |   6 |  886.3 |
               +--------+--------+--------+--------+--------+-----+--------+

Top non-repeatable levels by time:
     D:5: 1477 daAuts
     D:3: 1031 daAuts
     D:4: 935 daAuts
     D:2: 741 daAuts
     D:6: 625 daAuts
     D:1: 506 daAuts
